AoeStats
← tony10246

Pilgrims

507284927Analyzed
4v4 RM · 14d ago on Sep 17, 2026· 25m 6s· 8 players
Game mode
Random Map
Map size
Large (8 player)
Population
200
Speed
Normal
Resources
Standard
Victory
Conquest
Starting age
Dark Age
Ending age
Imperial Age
RankedLock teamsTeams togetherTeam positionsShared explorationLock speedFull tech treeHidden civsTurbo modeCheats
Victory
Defeat
🇹🇼 Armenians · Taiwan
1350
+15
🇨🇳 Saracens · China
1336
+16
🇻🇳 Cumans · Vietnam
1257
+19
🇹🇼 Vietnamese · Taiwan
1118
+24
🇷🇺 Franks · Russia
1330
-19
🇦🇷 Japanese · Argentina
1322
-19
🇦🇷 Armenians · Argentina
1318
-18
🇺🇸 Romans · United States
1316
-18
Skirm2OP
Juanki
5:42 Loom
11:21 Feudal Age
15:31 Castle Age
14:07 Fishing Lines
22:23 Castle Age
Moa
4:59 Loom
Potu
2:33 Loom
11:54 Feudal Age
16:07 Castle Age
14:35 Fletching
16:16 Crossbowman
16:53 Bodkin Arrow
19:23 Wheelbarrow
19:04 Padded Archer Armor
19:29 Ballistics
tony10246
5:08 Loom
12:16 Feudal Age
12:53 Double-Bit Axe
18:00 Wheelbarrow
20:00 Castle Age
17:53 Fishing Lines
20:44 Gillnets
21:12 Medium Warships
21:50 Bow Saw
21:51 Fletching
22:43 Bodkin Arrow
23:37 Town Watch
25:59 Hand Cart
越南王力宏
4:51 Loom
11:00 Feudal Age
11:39 Double-Bit Axe
12:52 Town Watch
23:50 Castle Age
22:04 Horse Collar
23:41 Wheelbarrow
25:13 Bow Saw
天線小號
4:28 Loom
10:48 Feudal Age
10:56 Man-at-Arms
11:41 Long Swordsman
16:14 Forging
18:03 Double-Bit Axe
21:05 Castle Age
19:22 Scale Mail Armor
21:11 Two-Handed Swordsman
21:36 Gambesons
21:52 Squires
22:09 Chain Mail Armor
21:52 Gold Mining
21:47 Horse Collar
22:11 Champion
ahjol
5:22 Loom
12:26 Feudal Age
12:56 Double-Bit Axe
17:12 Castle Age
15:20 Gold Mining
15:42 Fletching
18:50 Bow Saw
19:31 Bodkin Arrow
21:20 Stone Mining
Connection lost

Rejoining the realm…

Still unreachable

The connection could not be restored.

Session expired

The server has moved on; the page needs a fresh start.